 Dungeon Crawl Stone Soup version 0.30-a0-23-ge60ba3568b (webtiles) character file.

Game seed: 4569394478065706817

37 Sobieck the Sneak (level 3, 0/18 HPs)
             Began as a Vine Stalker Brigand on Aug 24, 2022.
             Constricted to death by a ball python (1 damage)
             ... on level 2 of the Dungeon.
             The game lasted 00:01:37 (1056 turns).

Sobieck the Sneak (Vine Stalker Brigand)            Turns: 1056, Time: 00:01:37

Health: 0/18       AC:  4    Str: 13    XL:     3   Next: 39%
Magic:  0/4        EV:  8    Int: 11    God:
Gold:   21         SH:  0    Dex: 17    Spells: 2/2 levels left

rFire   . . .      SeeInvis .    a - +2 dagger {short}
rCold   . . .      Faith    .    (no shield)
rNeg    . . .      Spirit   +    b - +0 robe
rPois   .          Reflect  .    (no helmet)
rElec   .          Harm     .    c - +0 cloak
rCorr   .          Rampage  .    (no gloves)
Will    .....                    k - +0 pair of boots
Stlth   +++.......               (no amulet)
HPRegen 0.06/turn                (no ring)
MPRegen 0.09/turn                (no ring)

@: constricted
A: fangs 2, magic shield, antimagic bite, no potion heal 2
a: no special abilities


You were on level 2 of the Dungeon.
You visited 1 branch of the dungeon, and saw 2 of its levels.

You collected 21 gold pieces.


Innate Abilities, Weirdness & Mutations

You have extremely sharp teeth.
When hurt, damage is shared between your health and your magic reserves.
Your bite disrupts and absorbs the magic of your enemies.
Potions cannot restore your health.


   Skills:
 - Level 1.7 Fighting
 + Level 3.3 Short Blades
 - Level 1.7 Throwing
 - Level 0.7 Dodging
 - Level 4.8 Stealth


You had 2 spell levels left.
You didn't know any spells.
Your spell library was empty.

Inventory:

Hand Weapons
 a - a +2 dagger (weapon) {short}
Missiles
 d - 15 poisoned darts (quivered) {throwing}
 e - 3 curare-tipped darts {=fthrowing}
 l - 6 stones {throwing}
Armour
 b - a +0 robe (worn)
 c - a +0 cloak (worn)
 g - a +0 ring mail
   (You found it on level 1 of the Dungeon)
 k - a +0 pair of boots (worn)
   (You found it on level 1 of the Dungeon)
 r - a +0 ring mail
   (You found it on level 1 of the Dungeon)
 t - a +0 robe
   (You found it on level 2 of the Dungeon)
Scrolls
 i - a scroll of noise {unknown}
 m - a scroll of summoning {unknown}
 o - a scroll of amnesia {unknown}
 p - a scroll of teleportation {unknown}
 s - a scroll of enchant weapon {unknown}
Potions
 f - 2 potions of might {unknown}
 h - a potion of mutation {unknown}
 j - a potion of invisibility {unknown}
 n - a potion of curing {unknown}
 q - a potion of heal wounds {unknown}

Dungeon Overview and Level Annotations

Branches:
Dungeon (2/15) Zot: 10951

Altars:

............##
.............#
.............#
........[....#####
.................#
.................# .
.........).......##.
....#S.).†...<.....
..# #.@###......# #
##.###......#
.............#
....###......# ...?#
#......# .....#
####...#### .......
#.#....## ........
##.#.##..#
.........#


You could see a ball python.


Message History

Unknown command.
The endoplasm quivers.
The endoplasm jiggles.
The endoplasm closely misses you.
You hit the endoplasm. You bite the endoplasm.
You kill the endoplasm!
No target in view!
No target in view!
s - a scroll labelled WYRUEZUSHAT Unknown command.
t - a +0 robe
Found a stone staircase leading up.
Unknown command.
A worm comes into view.
Danger!
A goblin comes into view. It is wielding a +0 club.
The worm bites you but does no damage.
You hit the worm. Your bite misses the worm. You hit the worm.
The worm bites you but does no damage.
You hit the worm. You hit the worm. You bite the worm. You drain its power.
The worm bites you!
You are too injured to fight recklessly!
You are too injured to fight recklessly!
You are too injured to fight recklessly!
You hit the worm. You bite the worm.
You kill the worm!
A kobold comes into view. It is wielding a +0 short sword.
Found a stone staircase leading up.
The goblin barely misses you.
You see here a worm corpse.
Unknown command.
You barely miss the goblin. You bite the goblin. You drain its power.
You feel invigorated. The goblin completely misses you.
You barely miss the goblin. You bite the goblin.
You kill the goblin!
Unknown command.
A ball python comes into view.
You see here a +0 club {mace}.
A ball python comes into view.
The ball python hisses angrily.
Unknown command.
The ball python closely misses you. x2
The ball python attacks as you move away!
The ball python closely misses you.
There is a stone staircase leading up here.
Unknown command.
The ball python closely misses you. The ball python grabs you.
You stop ascending the stairs.
The ball python constricts you.
You closely miss the ball python. The ball python barely misses you.
The ball python constricts you.
You closely miss the ball python. The ball python closely misses you.
The ball python constricts you.
You closely miss the ball python. You bite the ball python.
You drain its power. The ball python closely misses you.
The ball python constricts you. The kobold completely misses you.
Unknown command.
The ball python's grasp on you weakens, but your attempt to escape fails.
The ball python barely misses you. The ball python constricts you.
The kobold barely misses you.
The ball python bites you but does no damage.
The ball python closely misses you. The ball python constricts you.
Unknown command.
Unknown command.
You hit the kobold but do no damage. You bite the kobold. You drain its power.
The kobold hits you with a +0 short sword.
* * * LOW HITPOINT WARNING * * *
The ball python bites you but does no damage.
The ball python bites you.
* * * LOW HITPOINT WARNING * * *
The ball python constricts you.
* * * LOW HITPOINT WARNING * * *
You barely miss the kobold.
The ball python bites you but does no damage.
The kobold hits you with a +0 short sword.
* * * LOW HITPOINT WARNING * * *
The ball python barely misses you. The ball python constricts you.
Unknown command.
You hit the kobold but do no damage. Your bite misses the kobold.
The ball python bites you.
* * * LOW HITPOINT WARNING * * *
The kobold hits you with a +0 short sword.
* * * LOW HITPOINT WARNING * * *
The ball python closely misses you. The ball python constricts you.
* * * LOW HITPOINT WARNING * * *
You hit the kobold. Your bite misses the kobold. The ball python bites you.
* * * LOW HITPOINT WARNING * * *
The ball python barely misses you. The ball python constricts you.
You hit the kobold but do no damage. You bite the kobold.
You kill the kobold!
The ball python closely misses you. The ball python bites you.
The ball python constricts you.
You barely miss the ball python. You bite the ball python.
You kill the ball python!
The ball python bites you.
* * * LOW HITPOINT WARNING * * *
The ball python barely misses you.
You closely miss the ball python. The ball python barely misses you.
The ball python grabs you. The ball python constricts you.
You die...

Skill      XL: |  1  2 |
---------------+-------+-----
Short Blades   | 2 3 |  3.3
Fighting       | |  1.7
Throwing       | |  1.7
Dodging        | |  0.7
Stealth        | |  4.8

Action                   || total
-------------------------++-------
Melee: Dagger            ||    64
       Bite              ||    14
 Stab: Sleeping          ||    10
Armor: Robe              ||    18
Dodge: Dodged            ||    39

Levels and vault maps discovered:
D:1:      lightli_arrival_flooded_house, layout_basic, kennysheep_nondescript,
          minmay_strange_pillars
D:2:      layout_rooms, hellmonk_ecumenical_altar_heavens_door

Notes
Turn   | Place    | Note
-------+----------+-------------------------------------------
     0 | D:1      | Sobieck the Vine Stalker Brigand began the quest for the
                  | Orb.
     0 | D:1      | Reached XP level 1. HP: 11/11 MP: 2/2
    72 | D:1      | Reached skill level 2 in Short Blades
    83 | D:1      | HP: 2/11 [quokka (2)]
   627 | D:1      | Reached XP level 2. HP: 15/15 MP: 3/3
   783 | D:1      | Reached skill level 3 in Short Blades
   888 | D:2      | Reached XP level 3. HP: 18/18 MP: 4/4
  1052 | D:2      | HP: 4/18 [kobold/+0 short sword (1)]
  1055 | D:2      | HP: 1/18 [ball python (2)]
  1056 | D:2      | Constricted to death by a ball python

Vanquished Creatures
  A worm (D:2)
  3 dart slugs
  4 endoplasms
  4 goblins
  2 hobgoblins (D:1)
  A kobold (D:2)
  A quokka (D:1)
  6 ball pythons
  A bat (D:1)
  A frilled lizard (D:1)
  A rat (D:1)
25 creatures vanquished.

Table legend:
 A = Non-vault XP
 B = Vault XP
 C = Vault XP percentage of total XP
 D = Non-vault monster count
 E = Vault monster count
 F = Vault count percentage of total count
                 A         B        C        D         E       F
            +---------+---------+-------+---------+---------+-------
      Total |      53 |       0 |   0.0 |      25 |       0 |   0.0
            +---------+---------+-------+---------+---------+-------
        D:1 |      32 |       0 |   0.0 |      18 |       0 |   0.0
        D:2 |      21 |       0 |   0.0 |       7 |       0 |   0.0
            +---------+---------+-------+---------+---------+-------

Illustrated notes

Table legend:
 A = Kills in this place as a percentage of kills in entire the game.
 B = Kills by you in this place as a percentage of kills by you in the entire game.
 C = Kills by friends in this place as a percentage of kills by friends in the entire game.
 D = Other kills in this place as a percentage of other kills in the entire game.
 E = Experience gained in this place as a percentage of experience gained in the entire game.
 F = Experience gained in this place divided by the number of levels of this place that you have seen.
                   A       B       C       D       E      F
               +-------+-------+-------+-------+-------+----------------------
         Total | 100.0 | 100.0 |   N/A |   N/A | 100.0 |  26.5
       Dungeon | 100.0 | 100.0 |   N/A |   N/A | 100.0 |  26.5
               +-------+-------+-------+-------+-------+----------------------

Table legend: (Time is in decaauts)
 A = Elapsed time spent in this place.
 B = Non-inter-level travel time spent in this place.
 C = Inter-level travel time spent in this place.
 D = Time resting spent in this place.
 E = Time spent auto-exploring this place.
 F = Levels seen in this place.
 G = Mean time per level.
                   A        B        C        D        E       F      G
               +--------+--------+--------+--------+--------+-----+--------+
         Total |   1048 |   1025 |     23 |     95 |    742 |   2 |  524.0 |
       Dungeon |   1048 |   1025 |     23 |     95 |    742 |   2 |  524.0 |
               +--------+--------+--------+--------+--------+-----+--------+

Top non-repeatable levels by time:
     D:1: 873 daAuts
     D:2: 174 daAuts
